Map: Neon Violet Square LE

Players

ORiOn

  • Race: Terran Terran
  • League: Diamond
  • Spawn Location: 11:00

axu - Winner!

  • Race: Protoss Protoss
  • League: Platinum
  • Spawn Location: 5:00

VOD

Have the link to the VOD?

Description

Time

  • Played on: Dec. 24, 2017, 11:25 a.m.
  • Length: 9:51
Show
View Real Time Build Order
Export as new Build Order

ORiOn Terran 

Build Orders:  

Get SALT Encoding   

  12  0:01  SCV  
  13  0:13  SCV  
  14  0:19  Supply Depot  
  14  0:25  SCV  
  15  0:31  Refinery  
  15  0:41  SCV  
  16  0:47  Barracks  
  16  0:53  SCV  
  17  1:01  Refinery  
  17  1:05  SCV  
  18  1:18  Barracks  
  18  1:19  SCV  
  19  1:35  Orbital Command  
  19  1:39  Reaper  
  20  2:01  Supply Depot, SCV  
  21  2:09  Factory  
  21  2:21  SCV  
  21  2:22  Barracks Reactor  
  22  2:23  Barracks Tech Lab  
  22  2:38  Engineering Bay  
  22  2:42  Supply Depot  
  22  2:47  Marauder  
  23  3:02  Factory Tech Lab  
  23  3:04  Marine x2  
  25  3:05  Terran Infantry Weapons Level 1  
  25  3:08  SCV  
  25  3:11  Marauder  
  28  3:17  Stimpack  
  28  3:27  Siege Tank  
  31  3:35  Starport  
  33  3:41  Marauder  
  33  3:44  Marine  
  33  3:46  Marine  
  35  4:04  Marauder, Marine  
  35  4:05  Marine  
  39  4:16  Supply Depot  
  39  4:26  Medivac  
  39  4:30  Siege Tank  
  37  4:48  Missile Turret  
  37  4:50  SCV  
  38  4:54  Marine  
  39  5:33  Marauder, Medivac, Marine, Siege Tank  
  47  5:45  Marine  
  48  5:50  Marine  
  29  6:56  Marine x2  
  29  6:58  Marauder  
  29  6:59  Siege Tank  
  36  7:24  Marine  
  36  7:25  Marine  
  36  7:27  Marauder  
  40  7:37  Siege Tank  
  40  7:42  Marine  
  40  7:44  Marine  
  45  7:54  Marauder  
  47  8:02  Marine x2  
  49  8:11  Siege Tank  
  52  8:18  Marauder  
  54  8:21  Marine  
  55  8:28  Marine  
  56  8:39  Marine  
  59  8:48  Marauder  
Show
View Real Time Build Order
Export as new Build Order

axu Protoss - Winner!

Build Orders: 1 Gate Expand, Oracle Opening 

Get SALT Encoding   

  12  0:01  Probe  
  13  0:14  Probe  
  14  0:21  Pylon  
  14  0:26  Probe  
  15  0:39  Probe  
  15  0:42  Gateway  
  16  0:47  Assimilator  
  16  0:51  Probe  
  17  1:03  Probe  
  18  1:15  Probe  
  19  1:30  Nexus  
  20  1:39  Cybernetics Core  
  19  1:52  Probe  
  20  1:58  Assimilator  
  20  2:00  Pylon  
  20  2:05  Probe  
  21  2:17  Stalker (Chrono Boost), Probe  
  23  2:31  Stargate, Probe  
  24  2:43  Probe  
  25  2:53  Probe  
  25  2:54  Warp Gate (Chrono Boost)  
  25  2:55  Probe  
  27  3:04  Gateway  
  27  3:05  Gateway, Probe  
  28  3:08  Probe  
  29  3:17  Probe  
  29  3:18  Oracle (Chrono Boost)  
  33  3:22  Probe  
  34  3:27  Pylon  
  34  3:30  Probe  
  35  3:36  Probe  
  36  3:42  Probe  
  36  3:48  Probe  
  38  3:56  Probe  
  38  4:00  Probe  
  38  4:01  Shield Battery  
  40  4:04  Shield Battery  
  40  4:10  Probe, Pylon  
  40  4:16  Twilight Council  
  41  4:18  Forge  
  41  4:30  Probe x2  
  43  4:42  Probe x2  
  45  4:54  Probe x2  
  47  5:03  Assimilator  
  47  5:06  Probe x2  
  47  5:07  Robotics Facility, Assimilator  
  49  5:15  Stalker x2  
  49  5:16  Stalker  
  49  5:18  Blink (Chrono Boost), Probe x2  
  57  5:23  Protoss Ground Weapons Level 1  
  57  5:27  Void Ray  
  61  5:30  Probe  
  62  5:41  Pylon  
  62  5:44  Pylon  
  62  5:48  Pylon  
  62  5:58  Immortal (Chrono Boost)  
  62  5:59  Probe x2  
  62  6:00  Stalker  
  62  6:02  Stalker x2  
  74  6:11  Probe x2  
  68  6:34  Stalker  
  68  6:35  Stalker x2  
  72  6:52  Void Ray  
  69  6:59  Stalker x2, Immortal (Chrono Boost)  
  69  7:00  Stalker  
  83  7:17  Protoss Ground Armor Level 1  
  83  7:26  Nexus  
  83  7:29  Pylon  
  83  7:30  Pylon  
  83  7:33  Pylon  
  83  7:40  Stalker  
  85  7:48  Pylon  
  85  7:54  Pylon  
  85  7:55  Immortal  
  85  7:56  Void Ray  
  85  7:58  Stalker x2, Pylon  
  95  8:00  Pylon  
  97  8:15  Shield Battery  
  97  8:17  Shield Battery  
  97  8:20  Shield Battery  
  97  8:21  Gateway  
  97  8:22  Gateway, Photon Cannon  
  97  8:23  Gateway  
  97  8:24  Photon Cannon  
  97  8:25  Gateway  
  97  8:27  Photon Cannon  
  97  8:28  Gateway  
  97  8:35  Assimilator  
  97  8:39  Probe  
  97  8:40  Assimilator, Probe x2  
  100  8:49  Stalker x3  
  100  8:51  Immortal (Chrono Boost)  
  110  9:12  Forge  
  110  9:16  Templar Archives  
  80  9:35  Stalker x3  
Tags
 
Add a new tag
Caveats
  • Supply blocks, unpowered buildings, or Contaminate may cause inaccurate times.
  • Supply counts are checked every 10 seconds.